 Dungeon Crawl Stone Soup version 0.26-a0-291-g3d11bbfad5 (webtiles) character file.

Game seed: 1837453058449490942

400620 Gargoyl the Severer (level 22, -26/193 HPs)
             Began as a Centaur Abyssal Knight on July 13, 2020.
             Was a Priest of Lugonu.
             Killed from afar by an ancient lich (81 damage)
             ... with an iron shot
             ... on level 5 of the Vaults on July 14, 2020.
             The game lasted 01:40:55 (55875 turns).

Gargoyl the Severer (Centaur Abyssal Knight)       Turns: 55875, Time: 01:40:55

Health: -26/193    AC: 34    Str: 34    XL:     22   Next: 27%
Magic:  43/43      EV:  9    Int:  7    God:    Lugonu [***...]
Gold:   5305       SH: 10    Dex: 17    Spells: 21/21 levels left

rFire    + . .     SeeInvis .   b - +5 war axe (elec)
rCold    + . .     Faith    .   a - +2 buckler {rC+}
rNeg     + . .     Spirit   .   C - +8 scale mail "Maosodog" {rElec MP+9 Str+4 Int-4}
rPois    +         Reflect  .   (helmet restricted)
rElec    +         Harm     .   j - +2 cloak {rPois}
rCorr    .                      l - +1 pair of gloves {Dex+3}
MR       ++...                  u - +4 centaur barding
Stlth    ..........             O - amulet "Ajik" {*Contam rN+ Regen+ Str+2}
HPRegen  0.00/turn              k - +6 ring of strength
MPRegen  0.28/turn              Q - ring of Xom's Recklessness {rF+ MR+}

@: constricted, lightly drained, very quick
A: large, hooves 3, horns 1, thin skeletal structure 1, deformed body, speed 2,
poison resistance, inhibited regeneration, tough skin 3
}: 2/15 runes: decaying, gossamer
a: Depart the Abyss, Bend Space, Banish, Renounce Religion


You were on level 5 of the Vaults.
You worshipped Lugonu.
Lugonu was most pleased with you.
You visited 7 branches of the dungeon, and saw 39 of its levels.
You visited the Abyss 6 times.
You also visited: Gauntlet and Ice Cave.

You collected 5747 gold pieces.
You spent 442 gold pieces at shops.

Inventory:

Hand Weapons
 b - a +5 war axe of electrocution (weapon)
 D - a +2 war axe of flaming
 S - a +4 broad axe of venom
 Z - the +3 broad axe "Spiderslayer" {venom, rElec MR+ Dex+2}
   (You took it off a deep elf demonologist on level 3 of the Elven Halls)

   It poisons the flesh of those it strikes.
   It affects your dexterity (+2).
   It insulates you from electricity.
   It affects your resistance to hostile enchantments.
Armour
 a - a +2 buckler of cold resistance (worn)
 j - a +2 cloak of poison resistance (worn)
 l - a +1 pair of gloves of dexterity (worn)
 u - a +4 centaur barding (worn)
 C - the +8 scale mail "Maosodog" (worn) {rElec MP+9 Str+4 Int-4}
   (You took it off a gnoll sergeant on level 6 of the Dungeon)

   It affects your strength (+4).
   It affects your intelligence (-4).
   It insulates you from electricity.
   It affects your magic capacity (+9).
 P - the +3 helmet of Absolutism {rElec Str+4}
   (You found it in a Gauntlet)

   It affects your strength (+4).
   It insulates you from electricity.
Jewellery
 d - an uncursed amulet of reflection
 k - a +6 ring of strength (left hand)
 n - an uncursed ring of protection from magic
 x - an uncursed ring of positive energy
 y - the ring of Undoing {*Corrode rPois EV+4 Dex+7}
   (You took it off a deep elf mage on level 3 of the Elven Halls)

   [ring of evasion]

   It affects your evasion (+4).
   It affects your dexterity (+7).
   It protects you from poison.
   It may corrode you when you take damage.
 z - an uncursed ring of protection from cold
 A - an uncursed ring of flight
 I - an uncursed ring of protection from cold
 N - an uncursed ring of see invisible
 O - the amulet "Ajik" (around neck) {*Contam rN+ Regen+ Str+2}
   (You found it in a Gauntlet)

   [amulet of regeneration]

   It affects your strength (+2).
   It protects you from negative energy.
   It causes magical contamination when unequipped.
   It increases your rate of regeneration.
 Q - the ring of Xom's Recklessness (right hand) {rF+ MR+}
   (You found it in a Gauntlet)

   [ring of protection from fire]

   It protects you from fire.
   It affects your resistance to hostile enchantments.
Wands
 F - a wand of iceblast (9)
 G - a wand of digging (22)
 R - a wand of clouds (7)
Scrolls
 g - 10 scrolls of teleportation
 h - a scroll of summoning
 i - 5 scrolls of identify
 m - 10 scrolls of magic mapping
 p - 17 scrolls of remove curse
 v - 7 scrolls of fog
 w - 5 scrolls of blinking
 E - a scroll of holy word
 H - a scroll of silence
 L - 5 scrolls of fear
Potions
 c - 6 potions of might
 e - 14 potions of curing
 f - 4 potions of heal wounds
 o - a potion of berserk rage
 q - 3 potions of resistance
 r - 11 potions of haste
 s - 7 potions of flight
 t - 3 potions of cancellation
 B - 2 potions of invisibility
 J - 3 potions of brilliance
 M - 2 potions of ambrosia
 T - a potion of stabbing
 W - a potion of magic
Miscellaneous
 K - 3 boxes of beasts


   Skills:
 + Level 15.4 Fighting
 + Level 19.6 Axes
 + Level 0.3 Throwing
 * Level 13.5 Armour
 + Level 8.7 Dodging
 * Level 16.2 Shields
 * Level 17.5 Invocations
 + Level 0.8 Evocations


You had 21 spell levels left.
You didn't know any spells.
Your spell library contained the following spells:

 Spells                   Type           Power        Failure   Level
 Animate Skeleton         Necr           #.....       58%         1
 Apportation              Tloc           #.....       58%         1
 Beastly Appendage        Tmut           #.....       58%         1
 Corona                   Hex            #......      58%         1
 Foxfire                  Conj/Fire      #...         58%         1
 Freeze                   Ice            #...         58%         1
 Magic Dart               Conj           #...         58%         1
 Pain                     Necr           #...         58%         1
 Sandblast                Erth           #.....       58%         1
 Sting                    Tmut/Pois      #...         58%         1
 Summon Small Mammal      Summ           #...         58%         1
 Blink                    Tloc           N/A          75%         2
 Call Imp                 Summ           #.......     75%         2
 Corpse Rot               Necr/Air       N/A          75%         2
 Ensorcelled Hibernation  Hex/Ice        #.....       75%         2
 Passwall                 Tmut/Erth      #.......     75%         2
 Poisonous Vapours        Pois/Air       #.....       75%         2
 Searing Ray              Conj           #.....       75%         2
 Slow                     Hex            #.......     75%         2
 Sticks to Snakes         Tmut           #.......     75%         2
 Call Canine Familiar     Summ           #.......     92%         3
 Conjure Flame            Conj/Fire      #.......     92%         3
 Dazzling Flash           Conj/Hex       #.....       92%         3
 Frozen Ramparts          Ice            #.....       92%         3
 Ignite Poison            Fire/Tmut/Pois #.......     92%         3
 Inner Flame              Hex/Fire       #.......     92%         3
 Mephitic Cloud           Conj/Pois/Air  #.......     92%         3
 Ozocubu's Armour         Chrm/Ice       #.......     92%         3
 Spider Form              Tmut/Pois      #.........   92%         3
 Stone Arrow              Conj/Erth      #.....       92%         3
 Summon Guardian Golem    Hex/Summ       #.......     92%         3
 Vampiric Draining        Necr           #.........   92%         3
 Animate Dead             Necr           #.........   100%        4
 Cause Fear               Hex            #.........   100%        4
 Fulminant Prism          Conj/Hex       #.........   100%        4
 Hailstorm                Conj/Ice       #.......     100%        4
 Ice Form                 Ice/Tmut       #.......     100%        4
 Iskenderun's Mystic Bla  Conj/Tloc      #.......     100%        4
 Olgreb's Toxic Radiance  Pois           #.......     100%        4
 Petrify                  Tmut/Erth      #.......     100%        4
 Sticky Flame             Conj/Fire      #.......     100%        4
 Summon Ice Beast         Ice/Summ       #.......     100%        4
 Summon Lightning Spire   Summ/Air       #.......     100%        4
 Agony                    Necr           #.......     100%        5
 Blade Hands              Tmut           #.........   100%        5
 Borgnjor's Vile Clutch   Necr/Erth      #.........   100%        5
 Fireball                 Conj/Fire      #.........   100%        5
 Lee's Rapid Deconstruct  Erth           #.........   100%        5
 Silence                  Hex/Air        #.........   100%        5
 Summon Demon             Summ           #.........   100%        5
 Summon Forest            Summ/Tloc      #.........   100%        5
 Summon Mana Viper        Hex/Summ       #.......     100%        5
 Yara's Violent Unravell  Hex/Tmut       #.........   100%        5
 Darkness                 Hex            #.........   100%        6
 Eringya's Noxious Bog    Tmut/Pois      #.........   100%        6
 Freezing Cloud           Conj/Ice/Air   #.........   100%        6
 Hydra Form               Tmut           #.........   100%        6
 Shadow Creatures         Summ           N/A          100%        6
 Ring of Flames           Chrm/Fire      #.........   100%        7
 Spellforged Servitor     Conj/Summ      #.........   100%        7
 Summon Hydra             Summ           #.........   100%        7
 Discord                  Hex            #.........   100%        8


Dungeon Overview and Level Annotations

Branches:
Dungeon (15/15)            Temple (0/1) D:6            Lair (6/6) D:9
  Swamp (4/4) Lair:4       Spider (4/4) Lair:4        Slime (0/5) Lair:5
    Orc (2/2) D:12            Elf (3/3) Orc:2        Vaults (5/5) D:14
  Crypt (0/3) Vaults:3     Depths (0/5) D:15          IceCv (visited)
Gauntlet (visited)

Altars:
Ashenzari
Cheibriados
Fedhas
Gozag
Hepliaklqana
Kikubaaqudgha
Makhleb
Okawaru
Trog
Yredelemnul
Zin
The Shining One
Beogh
Jiyva

Shops:
D:4 *   D:7 :   D:11 [   Orc:2 }*=(   Elf:1 *   Elf:2 [   Elf:3 }   Vaults:1 *

Annotations:
Elf:2 , corrupted
Vaults:5 corrupted


Innate Abilities, Weirdness & Mutations

You have hooves in place of feet.
Armour fits poorly on your strangely shaped body.
You cover ground very quickly.
You have extremely tough skin. (AC +3)
You have a pair of small horns on your head.
You have a somewhat thin skeletal structure. (Dex +2, Stealth)
Your system is resistant to poisons. (rPois)
You do not regenerate when monsters are visible.


Message History

You kick the ancient lich, but do no damage.
The ancient lich is severely damaged.
You slice the tentacled monstrosity!!
Unknown command.
You slice the ancient lich!! You kick the ancient lich.
The ancient lich is almost destroyed.
You hit the tentacled monstrosity.
The ancient lich touches you but does no damage.
You block the tentacled monstrosity's attack. x2
The tentacled monstrosity barely misses you.
* * * LOW HITPOINT WARNING * * *
The tentacled monstrosity constricts you.
You feel a bit more experienced.
You closely miss the ancient lich. You kick the ancient lich.
Your headbutt misses the ancient lich.
The ancient lich is almost destroyed.
You hit the tentacled monstrosity. The ancient lich casts a spell at you.
The iron shot hits you!!!!
You die...

...eCQ ...epX
###Cp# +#####
+p§§Dc
###....###
###e#c
+#........#
#p#.
#.........##
##.
#.........$# #.
#.........@# #.
#........CXL#
#.
##(.........'.
#.
###?.....+###'.
#. ####...# ...
#. ##+## '# .


You could see a tentacled monstrosity, an ancient lich and an ettin.

Vanquished Creatures
  Sojobo (Vaults:3)
  Xtahua (Vaults:2)
  Arachne (Spider:4)
  A Brimstone Fiend (Swamp:3)
  3 deep elf blademasters
  A tentacled monstrosity (Vaults:4)
  2 liches
  2 deep elf master archers (Elf:3)
  A sphinx (shapeshifter) (Vaults:1)
  A sphinx (Vaults:2)
  5 thorn hunters
  A tentacled starspawn (Abyss:1)
  The ghost of Irhips the Spry, an adept MiBe of Trog (Elf:2)
  4 tengu reavers (Vaults:4)
  2 storm dragons
  A fire giant (Vaults:4)
  A frost giant (shapeshifter) (Vaults:4)
  6 ghost moths
  Aizul (Swamp:4)
  An orc warlord (Orc:1)
  6 emperor scorpions
  10 vault wardens
  2 deep elf sorcerers (Elf:2)
  3 frost giants
  9 deep elf elementalists
  6 very ugly things
  9 ironheart preservers
  7 entropy weavers
  8 stone giants
  A vampire knight (Vaults:3)
  2 deep elf demonologists
  6 deep elf annihilators
  A minotaur (Gauntlet)
  Azrael (D:12)
  2 spark wasps
  5 ettins
  6 deep elf death magi
  Snorg (Lair:3)
  5 fire dragons
  4 great orbs of eyes
  10 yaktaur captains
  3 deep elf high priests (Elf:3)
  4 ice dragons
  26 vault guards
  Harold (Lair:1)
  2 rakshasas
  3 catoblepae
  17 hydras
  2 ghost crabs
  A death knight (D:12)
  3 shambling mangroves
  2 death yaks
  19 alligators
  Erica (D:10)
  7 centaur warriors
  2 deep troll shamans
  2 tengu warriors (D:15)
  A queen ant (Spider:1)
  36 two-headed ogres
  11 ogre magi
  2 deep troll earth magi (Vaults:2)
  13 dancing weapons
  A shock serpent (shapeshifter) (D:15)
  A thrashing horror (Abyss:1)
  3 orc high priests (Orc:2)
  19 deep elf knights
  9 spriggans
  Urug (D:12)
  5 large abominations
  12 skeletal warriors
  A shadow wraith (Vaults:1)
  8 deep trolls
  2 unseen horrors
  3 spriggan druids
  3 flayed ghosts
  10 swamp dragons (Swamp:4)
  9 deep elf archers
  20 ironbrand convokers
  A phantasmal warrior (Vaults:4)
  3 wizards
  14 orc knights
  An oklob plant (Lair:2)
  19 orb spiders
  9 harpies
  34 ugly things
  A wolf spider (shapeshifter) (Vaults:4)
  9 orc sorcerers
  37 wolf spiders
  60 deep elf magi
  8 cyclopes
  4 manticores
  A moth of wrath (Spider:3)
  5 elephants
  2 black mambas
  6 centaur zombies
  A salamander (shapeshifter) (D:14)
  10 vault sentinels
  A gargoyle (D:15)
  Maurice (D:13)
  An orange demon (Abyss:2)
  An ice statue (IceCv)
  A naga mage (D:15)
  A torpor snail (Lair:6)
  26 cane toads
  10 demonic crawlers
  5 kobold demonologists
  4 rime drakes
  4 freezing wraiths
  4 komodo dragons
  35 yaktaurs
  9 trolls
  A harpy zombie (D:14)
  29 jumping spiders
  18 polar bears
  A hornet (shapeshifter) (D:14)
  7 bog bodies
  24 hornets
  9 blink frogs (Lair:6)
  4 raiju (Abyss:2)
  18 slime creatures
  15 tyrant leeches
  9 hippogriffs
  Grinder (D:5)
  A centaur simulacrum (D:15)
  A human simulacrum (Vaults:3)
  26 tarantellas
  74 redbacks
  3 shadows
  A yak (shapeshifter) (Vaults:2)
  5 flying skulls (Abyss:1)
  A ynoxinul (Abyss:1)
  8 wyverns
  6 fire elementals
  5 wraiths
  3 vampires (Vaults:3)
  36 yaks
  A hog (shapeshifter) (D:15)
  A golden eye (shapeshifter) (D:13)
  2 basilisks
  Eustachio (D:5)
  Menkaure (D:7)
  28 vampire mosquitoes
  A chaos spawn (Abyss:1)
  Edmund (D:4)
  3 acid dragons
  15 insubstantial wisps
  5 wargs
  12 water moccasins
  20 swamp worms
  16 soldier ants
  4 hell hounds (D:12)
  31 orc warriors
  5 porcupines
  4 sky beasts
  2 hornet zombies
  14 swamp drakes
  A black bear (D:11)
  A necrophage (D:11)
  26 ogres
  An ice beast (D:6)
  3 phantoms
  18 wolves
  2 small abominations
  34 centaurs
  14 crocodiles
  7 big kobolds
  25 bullfrogs
  An earth elemental (Elf:3)
  Blork the orc (D:5)
  A wyvern zombie (D:11)
  4 gnoll sergeants (D:6)
  3 scorpions
  5 wyvern skeletons
  15 wights
  3 killer bees (D:13)
  3 electric eels
  5 howler monkeys
  2 jellies
  4 bullfrog skeletons
  A gnoll shaman (D:6)
  8 hounds
  4 centaur skeletons
  15 orc priests
  5 iguanas
  27 orc wizards
  29 worker ants
  2 killer bee zombies
  A worker ant zombie (D:8)
  17 gnolls
  A gnoll zombie (D:6)
  2 orc zombies (D:6)
  15 adders
  4 shadow imps
  5 white imps
  2 ufetubi
  An ooze (D:3)
  2 adder zombies
  An adder skeleton (D:2)
  2 worms (D:2)
  3 dart slugs (D:2)
  7 leopard geckos
  91 orcs
  8 giant cockroaches
  4 goblins
  10 hobgoblins
  13 jackals
  61 kobolds
  5 quokkas
  A ball python (D:6)
  3 bats
  8 frilled lizards
  2 jackal zombies (D:6)
  A leopard gecko skeleton (D:7)
  A quokka skeleton (D:3)
  2 quokka zombies
  10 rats
  42 briar patches
  4 crawling corpses (Elf:2)
  4 fungi
  12 plants
1822 creatures vanquished.

Vanquished Creatures (others)
  A sphinx (Vaults:5)
  A vault warden (Vaults:5)
  An entropy weaver (Spider:3)
  A yaktaur captain (Vaults:5)
  A hydra (Lair:6)
  4 dancing weapons (Elf:2)
  An alligator (Swamp:3)
  A deep elf knight (Elf:2)
  2 wizards
  9 deep elf magi
  The ghost of voshxx the Caller, a novice DrSu of Sif Muna (D:6)
  2 yaktaurs (Vaults:5)
  A queen bee (Gauntlet)
  A polar bear (IceCv)
  3 hornets (Gauntlet)
  3 centaur simulacra (Gauntlet)
  A spriggan (shapeshifter) (Vaults:5)
  A harpy simulacrum (Gauntlet)
  A wolf (IceCv)
  A centaur (D:14)
  A hornet simulacrum (Gauntlet)
  3 killer bees (Gauntlet)
  A quasit (Abyss:2)
  An orc (Vaults:5)
  5 briar patches
  2 bushes
  9 fungi
  37 plants
  11 starspawn tentacles
107 creatures vanquished.

Grand Total: 1929 creatures vanquished

Notes
Turn   | Place    | Note
-------+----------+-------------------------------------------
     0 | Abyss:1  | Gargoyl the Centaur Abyssal Knight began the quest for the
                  | Orb.
     0 | Abyss:1  | Reached XP level 1. HP: 19/19 MP: 2/2
    25 | Abyss:2  | Noticed a chaos spawn
    26 | Abyss:2  | Noticed an orange demon
    31 | D:1      | Escaped the Abyss
   200 | D:1      | Reached * piety under Lugonu
   219 | D:1      | Reached XP level 2. HP: 26/26 MP: 3/3
   439 | D:1      | Found a snail-covered altar of Cheibriados.
   958 | D:2      | Reached skill level 2 in Axes
   958 | D:2      | Reached skill level 1 in Dodging
   958 | D:2      | Reached XP level 3. HP: 15/31 MP: 4/4
  1239 | D:2      | Reached XP level 4. HP: 35/38 MP: 5/5
  2129 | D:2      | Noticed a moth of wrath
  2132 | D:2      | Found a bloodstained altar of Trog.
  2149 | D:2      | Reached ** piety under Lugonu
  2326 | D:2      | Reached XP level 5. HP: 46/46 MP: 7/7
  2648 | D:3      | Reached skill level 3 in Axes
  2946 | D:3      | Found an opulent altar of Gozag.
  3314 | D:4      | Found Xupnex's Assorted Antiques.
  3607 | D:4      | Found a burning altar of Makhleb.
  3621 | D:4      | Reached XP level 6. HP: 43/52 MP: 8/8
  3686 | D:4      | Reached *** piety under Lugonu
  3713 | D:4      | Noticed Grinder
  3714 | D:4      | Noticed Eustachio
  3722 | D:5      | Entered Level 5 of the Dungeon
  3739 | D:5      | Paralysed by Grinder for 5 turns
  3748 | D:5      | Paralysed by Grinder for 2 turns
  3750 | D:5      | Killed Grinder
  3827 | D:5      | Killed Eustachio
  3827 | D:5      | Reached skill level 4 in Axes
  3827 | D:5      | Reached XP level 7. HP: 42/59 MP: 9/9
  3909 | D:4      | HP: 2/59 [orc wizard/puff of flame (6)]
  4190 | D:4      | Noticed Edmund
  4214 | D:4      | Killed Edmund
  4399 | D:4      | Reached XP level 8. HP: 59/67 MP: 11/11
  4418 | D:4      | Reached skill level 5 in Axes
  4509 | D:4      | Reached **** piety under Lugonu
  4819 | D:5      | Found a glowing silver altar of Zin.
  4911 | D:5      | Noticed Blork the orc
  4931 | D:5      | Killed Blork the orc
  4986 | D:5      | Reached skill level 5 in Invocations
  5329 | D:5      | Reached skill level 5 in Fighting
  5519 | D:6      | Found a transporter.
  5529 | D:6      | Reached XP level 9. HP: 68/74 MP: 12/12
  5552 | D:6      | Gained mutation: You are clumsy. (Dex -2) [potion of
                  | mutation]
  5552 | D:6      | Gained mutation: You are somewhat resistant to further
                  | mutation. [potion of mutation]
  5552 | D:6      | Gained mutation: You are resistant to hostile enchantments.
                  | (MR+) [potion of mutation]
  5586 | D:6      | Reached skill level 6 in Axes
  5586 | D:6      | Reached skill level 5 in Armour
  5607 | D:6      | Found an opulent altar of Gozag.
  5660 | D:6      | Found a transporter.
  5680 | D:6      | Found an ancient bone altar of Kikubaaqudgha.
  5857 | D:6      | Reached ***** piety under Lugonu
  6019 | D:6      | Found a transporter.
  6025 | D:6      | Identified the +8 scale mail "Maosodog" {rElec MP+9 Str+4
                  | Int-4}
  6137 | D:6      | Found a staircase to the Ecumenical Temple.
  6301 | D:6      | Found a transporter.
  6606 | D:6      | Noticed voshxx's ghost (novice DrSu)
  6628 | D:6      | Reached skill level 1 in Shields
  6721 | D:6      | Banished voshxx's ghost
  7231 | D:7      | Noticed Menkaure
  7238 | D:7      | Killed Menkaure
  7238 | D:7      | Reached skill level 7 in Axes
  7698 | D:7      | Found Umpar's Book Shoppe.
  8066 | D:8      | Reached XP level 10. HP: 50/82 MP: 14/14
  8870 | D:9      | Found a staircase to the Lair.
  8870 | D:9      | Noticed an elephant
  8896 | D:9      | Killed an elephant
  8931 | D:9      | Reached skill level 5 in Shields
  9405 | D:9      | Reached skill level 8 in Axes
  9616 | D:9      | Found a blossoming altar of Fedhas.
  9617 | D:9      | Found an iron altar of Okawaru.
  9686 | Lair:1   | Entered Level 1 of the Lair of Beasts
  9974 | Lair:1   | Noticed Harold
  9992 | Lair:1   | Killed Harold
  9992 | Lair:1   | Reached XP level 11. HP: 82/89 MP: 16/16
 10430 | Lair:2   | Noticed an oklob plant
 10451 | Lair:2   | Killed an oklob plant
 10451 | Lair:2   | Reached skill level 9 in Axes
 10685 | Lair:2   | Found a gate leading to a gauntlet.
 10696 | Gauntlet | Entered a Gauntlet
 10696 | Gauntlet | Found a transporter.
 10696 | Gauntlet | Found a transporter.
 10698 | Gauntlet | Found a transporter.
 10701 | Gauntlet | Found a transporter.
 10701 | Gauntlet | Found a transporter.
 10706 | Gauntlet | Corrupted Gauntlet
 10706 | Gauntlet | Noticed a spatial maelstrom
 10706 | Gauntlet | Noticed a blizzard demon
 10706 | Gauntlet | Noticed a thrashing horror
 10706 | Gauntlet | Noticed a large abomination
 10706 | Gauntlet | Noticed an ancient lich
 10706 | Gauntlet | Noticed a starcursed mass
 10712 | Gauntlet | Noticed an orb spider
 10716 | Gauntlet | Noticed a hell beast
 10724 | Gauntlet | Noticed a Tzitzimitl
 10741 | Gauntlet | Noticed a bone dragon
 10741 | Gauntlet | Found a transporter.
 10760 | Gauntlet | Noticed a thrashing horror
 10773 | Gauntlet | Got a crude bronze amulet
 10787 | Gauntlet | Found a transporter.
 10789 | Gauntlet | Found a transporter.
 10789 | Gauntlet | Found a transporter.
 10791 | Gauntlet | Noticed a necromancer
 10791 | Gauntlet | Noticed a wizard
 10791 | Gauntlet | Noticed a death yak
 10793 | Gauntlet | Found a runed translucent door.
 10793 | Gauntlet | Noticed a wizard
 10804 | Gauntlet | Noticed a death yak
 10809 | Gauntlet | Noticed a death yak
 10810 | Gauntlet | Noticed a death yak
 10818 | Gauntlet | Got a spiked helmet
 10825 | Gauntlet | Noticed a death yak
 10827 | Gauntlet | Found a runed translucent door.
 10834 | Gauntlet | Found a transporter.
 10841 | Gauntlet | Killed a wizard
 10851 | Gauntlet | Killed a wizard
 10888 | Gauntlet | Got a sparkling marble ring
 10895 | Gauntlet | Identified the +3 helmet of Absolutism {rElec Str+4} (You
                  | found it in a Gauntlet)
 10901 | Gauntlet | Identified the amulet "Ajik" {*Contam rN+ Regen+ Str+2}
                  | (You found it in a Gauntlet)
 10912 | Gauntlet | Identified the ring of Xom's Recklessness {rF+ MR+} (You
                  | found it in a Gauntlet)
 10916 | Gauntlet | Found a transporter.
 10925 | Gauntlet | Noticed a minotaur
 10939 | Gauntlet | Killed a minotaur
 11893 | Lair:3   | Noticed a catoblepas
 11910 | Lair:3   | Killed a catoblepas
 12293 | Lair:3   | Noticed Snorg
 12314 | Lair:3   | Killed Snorg
 12314 | Lair:3   | Reached XP level 12. HP: 25/97 MP: 18/18
 12723 | D:6      | Lost mutation: You are resistant to hostile enchantments.
                  | (MR+) [potion of mutation]
 12723 | D:6      | Lost mutation: You are somewhat resistant to further
                  | mutation. [potion of mutation]
 12723 | D:6      | Gained mutation: You are covered in fur. (AC +1) [potion of
                  | mutation]
 12723 | D:6      | Gained mutation: Your mind is acute. (Int +2) [potion of
                  | mutation]
 12723 | D:6      | Gained mutation: Your spells are a little harder to cast,
                  | but a little more powerful. [potion of mutation]
 12987 | Lair:4   | Found a staircase to the Swamp.
 12992 | Lair:4   | Reached skill level 10 in Axes
 13550 | Lair:4   | Identified a scroll of acquirement
 13550 | Lair:4   | Acquired a manual of Axes
 13570 | Lair:4   | Found a hole to the Spider Nest.
 13779 | Lair:5   | Lost mutation: Your spells are a little harder to cast, but
                  | a little more powerful. [potion of mutation]
 13779 | Lair:5   | Lost mutation: Your mind is acute. (Int +2) [potion of
                  | mutation]
 13779 | Lair:5   | Lost mutation: You are clumsy. (Dex -2) [potion of
                  | mutation]
 13779 | Lair:5   | Gained mutation: You are partially covered in slimy green
                  | scales. (AC +2) [potion of mutation]
 13779 | Lair:5   | Gained mutation: You are robust. (+10% HP) [potion of
                  | mutation]
 13883 | Lair:5   | Reached ****** piety under Lugonu
 14083 | Lair:5   | Found a viscous altar of Jiyva.
 14083 | Lair:5   | Found a staircase to the Slime Pits.
 14254 | Lair:5   | Got a faintly glowing war axe
 14255 | Lair:5   | Identified the cursed +1 war axe of Ujaenafi {venom, rElec}
                  | (You found it on level 5 of the Lair of Beasts)
 14715 | Lair:6   | Entered Level 6 of the Lair of Beasts
 14969 | Lair:6   | Reached skill level 11 in Axes
 15058 | Lair:6   | Got a spiked ring mail
 15098 | Lair:6   | Reached skill level 10 in Shields
 15230 | Lair:5   | Identified the +5 ring mail "Rylogg" {rF- Int+7 Dex+2} (You
                  | found it on level 6 of the Lair of Beasts)
 15239 | Lair:5   | Upgraded the game from 0.26-a0-284-g73c0fb6129 to
                  | 0.26-a0-291-g3d11bbfad5
 15362 | Lair:6   | Noticed a seven-headed hydra
 15372 | Lair:6   | Banished a seven-headed hydra
 15435 | Lair:6   | Noticed a death yak
 15453 | Lair:6   | Killed a death yak
 15453 | Lair:6   | Reached XP level 13. HP: 94/115 MP: 20/20
 15526 | Lair:6   | Reached skill level 10 in Invocations
 15530 | Lair:6   | Reached skill level 12 in Axes
 15682 | Lair:6   | Got a scintillating turquoise ring
 16194 | D:9      | Identified the ring of False Pretenses {rN+ MR+ Int+2
                  | Dex-5} (You found it on level 6 of the Lair of Beasts)
 16215 | D:10     | Entered Level 10 of the Dungeon
 16480 | D:10     | Noticed Erica
 16491 | D:10     | Killed Erica
 17414 | D:11     | Found a frozen archway.
 17443 | IceCv    | Entered an ice cave
 17609 | IceCv    | Reached skill level 13 in Axes
 17997 | IceCv    | Noticed a frost giant
 18020 | IceCv    | Killed a frost giant
 18042 | IceCv    | Reached XP level 14. HP: 62/126 MP: 22/22
 18394 | D:11     | Found Jelluud's Antique Armour Shoppe.
 19076 | D:12     | Found a shattered altar of Ashenzari.
 19131 | D:12     | Noticed Azrael
 19148 | D:12     | Killed Azrael
 19173 | D:12     | Noticed Urug
 19185 | D:12     | Killed Urug
 19335 | D:12     | Found a staircase to the Orcish Mines.
 19367 | D:12     | Reached skill level 5 in Dodging
 20011 | D:13     | Reached skill level 14 in Axes
 20189 | D:13     | Noticed Maurice
 20204 | D:13     | Killed Maurice
 21001 | D:14     | Found a gate to the Vaults.
 21001 | D:14     | Noticed an ironheart preserver
 21012 | D:14     | Killed an ironheart preserver
 21078 | D:14     | Found a basalt altar of Yredelemnul.
 21487 | D:15     | Entered Level 15 of the Dungeon
 21785 | D:15     | Reached skill level 15 in Axes
 21978 | D:15     | Reached XP level 15. HP: 135/135 MP: 23/23
 22009 | D:15     | Found a glowing golden altar of the Shining One.
 22371 | D:15     | Found a staircase to the Depths.
 23413 | Orc:1    | Entered Level 1 of the Orcish Mines
 23447 | Orc:1    | Noticed an orc warlord
 23450 | Orc:1    | You fall into a shaft and drop 1 floor!
 23450 | Orc:2    | Entered Level 2 of the Orcish Mines
 23584 | Orc:2    | Found a staircase to the Elven Halls.
 23856 | Orc:1    | Killed an orc warlord
 24403 | Orc:1    | Found a roughly hewn altar of Beogh.
 25011 | Orc:2    | Found Zej Noas's Antique Weapon Shoppe.
 25340 | Orc:2    | Reached skill level 10 in Armour
 25379 | Orc:2    | Found Boku's Gadget Shoppe.
 25387 | Orc:2    | Found Beddal's Assorted Antiques.
 25507 | Orc:2    | Found Doucw's Jewellery Shop.
 25521 | Orc:2    | Bought a potion of heal wounds for 160 gold pieces
 25634 | D:12     | Lost mutation: You are robust. (+10% HP) [potion of
                  | mutation]
 25634 | D:12     | Lost mutation: You are partially covered in slimy green
                  | scales. (AC +2) [potion of mutation]
 25634 | D:12     | Lost mutation: You are covered in fur. (AC +1) [potion of
                  | mutation]
 25634 | D:12     | Gained mutation: You are frail. (-10% HP) [potion of
                  | mutation]
 25634 | D:12     | Gained mutation: You have sharp fingernails. [potion of
                  | mutation]
 25681 | Elf:1    | Entered Level 1 of the Elven Halls
 25857 | Elf:1    | Found Bumoschekh's Assorted Antiques.
 25862 | Elf:1    | Bought a potion of heal wounds for 130 gold pieces
 26096 | Elf:1    | Reached skill level 10 in Fighting
 26104 | Elf:1    | Reached XP level 16. HP: 45/120 MP: 25/25
 26279 | Elf:1    | Reached skill level 16 in Axes
 27033 | Elf:1    | Identified the Reference Book on the Entourage
 27818 | Elf:2    | Found a runed translucent door.
 27852 | Elf:2    | Found Bilanun's Armour Shop.
 28045 | Elf:2    | Got an encrusted war axe
 28046 | Elf:2    | Identified the cursed +2 war axe of Valuable Assets {drain,
                  | rC+} (You found it on level 2 of the Elven Halls)
 28175 | Elf:2    | Found a runed translucent gate.
 28189 | Elf:2    | Found a runed translucent gate.
 28189 | Elf:2    | Found a runed translucent gate.
 28243 | Elf:2    | Noticed Irhips's ghost (adept MiBe)
 28644 | Elf:2    | Corrupted Elf:2
 28644 | Elf:2    | Noticed a tentacled starspawn
 28644 | Elf:2    | Noticed an ancient lich
 28687 | Abyss:2  | Got an ichor-stained kite shield
 28698 | Abyss:2  | Identified the +2 kite shield "Worchetost" {rElec rF+
                  | Slay-4} (You found it on level 2 of the Abyss)
 28829 | Elf:2    | Escaped the Abyss
 28840 | Elf:2    | Noticed a lich
 28867 | Elf:2    | Noticed a bone dragon
 28874 | Elf:2    | Noticed a tentacled starspawn
 29412 | Elf:2    | Killed Irhips's ghost
 29539 | Elf:3    | Entered Level 3 of the Elven Halls
 30044 | Elf:2    | Reached XP level 17. HP: 102/128 MP: 27/27
 30528 | Elf:3    | Identified the cursed +1 hand axe of Defiance {vorpal, rF+}
 30528 | Elf:3    | Identified the ring "Ykyesa" {*Corrode rPois rF+ rC++
                  | Stlth+}
 30761 | Elf:3    | Reached skill level 17 in Axes
 30890 | Elf:3    | Noticed a deep elf blademaster
 30909 | Elf:3    | Killed a deep elf blademaster
 31046 | Elf:3    | Identified the +3 broad axe "Spiderslayer" {venom, rElec
                  | MR+ Dex+2}
 31046 | Elf:3    | Identified the amulet "Bups" {Faith *Contam rElec rF+ rN+
                  | Str+4}
 31093 | Elf:3    | Noticed a deep elf blademaster
 31104 | Elf:3    | Killed a deep elf blademaster
 31216 | Elf:3    | Noticed a deep elf master archer
 31239 | Elf:3    | Noticed a deep elf master archer
 31245 | Elf:3    | Identified the ring of Undoing {*Corrode rPois EV+4 Dex+7}
 31253 | Elf:3    | Killed a deep elf master archer
 31422 | Elf:3    | Found Eheexanoiwk's Gadget Shop.
 31682 | Elf:3    | Noticed a deep elf blademaster
 31685 | Elf:3    | Noticed a deep elf master archer
 31686 | Elf:3    | Found the +3 crown of Dyrovepreva {rElec Int+2 SInv}
 31765 | Abyss:1  | Found a corrupted altar of Lugonu.
 31868 | Elf:3    | Escaped the Abyss
 32005 | Elf:3    | Killed a deep elf master archer
 32225 | Elf:2    | Killed a deep elf blademaster
 32341 | Elf:3    | Got a translucent helmet
 32348 | Elf:3    | Got a heavily runed marble ring
 32363 | Elf:3    | Identified the +3 helmet of a sewer {+Inv rN+ MR+ Stlth+}
                  | (You found it on level 3 of the Elven Halls)
 32834 | Spider:1 | Entered Level 1 of the Spider Nest
 32909 | Spider:1 | Lost mutation: You are frail. (-10% HP) [potion of
                  | mutation]
 32909 | Spider:1 | Lost mutation: You have sharp fingernails. [potion of
                  | mutation]
 32909 | Spider:1 | Gained mutation: You have a beak for a mouth. [potion of
                  | mutation]
 32909 | Spider:1 | Gained mutation: You have a pair of small horns on your
                  | head. [potion of mutation]
 32909 | Spider:1 | Lost mutation: You have a beak for a mouth. [potion of
                  | mutation]
 32909 | Spider:1 | Gained mutation: Your system is resistant to poisons.
                  | (rPois) [potion of mutation]
 34288 | Spider:2 | Identified the ring "Hiew" {Int+5 Stlth-} (You found it on
                  | level 3 of the Elven Halls)
 34294 | Spider:2 | Acquired an uncursed amulet of reflection
 34360 | Spider:2 | Reached XP level 18. HP: 125/152 MP: 10/28
 35734 | Spider:4 | Entered Level 4 of the Spider Nest
 36154 | Spider:4 | Noticed Arachne
 36972 | Spider:4 | Killed Arachne
 38499 | Spider:4 | Reached skill level 15 in Invocations
 38559 | Spider:4 | Got a gossamer rune of Zot
 39493 | Vaults:1 | Entered Level 1 of the Vaults
 39519 | Vaults:1 | Reached skill level 18 in Axes
 39709 | Vaults:1 | Reached XP level 19. HP: 42/161 MP: 30/30
 40705 | Vaults:1 | Found Moexughe's General Store.
 40714 | Vaults:1 | Bought a scroll of summoning for 152 gold pieces
 43078 | Vaults:2 | Noticed Xtahua
 43092 | Vaults:2 | Killed Xtahua
 43092 | Vaults:2 | Reached XP level 20. HP: 138/172 MP: 31/31
 43607 | Vaults:2 | Found a hazy altar of Hepliaklqana.
 43866 | Vaults:3 | Found a staircase to the Crypt.
 44264 | Vaults:3 | Acquired 870 gold pieces
 44730 | Vaults:3 | Reached skill level 15 in Shields
 46265 | Vaults:4 | Got a smoking plate armour
 46276 | Vaults:4 | Identified the +0 plate armour of Elyvilon's Castigation
                  | {Int+2} (You found it on level 4 of the Vaults)
 46287 | Vaults:4 | Got a faintly humming ring mail
 46299 | Vaults:4 | Identified the cursed +1 ring mail of Disappointment
                  | {rElec} (You found it on level 4 of the Vaults)
 46616 | Vaults:4 | Reached skill level 19 in Axes
 46670 | Vaults:4 | Noticed Sojobo
 46747 | Vaults:3 | Killed Sojobo
 47646 | Vaults:4 | Reached XP level 21. HP: 182/182 MP: 33/33
 47830 | Vaults:4 | Got a jewelled ring mail
 47841 | Vaults:4 | Identified the +4 ring mail of the Trees {Regen+} (You
                  | found it on level 4 of the Vaults)
 48011 | Vaults:5 | Entered Level 5 of the Vaults
 48012 | Vaults:5 | Corrupted Vaults:5
 48367 | Swamp:1  | Entered Level 1 of the Swamp
 49859 | Swamp:2  | Identified the Incunabulum of Enchantment and Creation
 50497 | Swamp:3  | Found a transporter.
 50744 | Swamp:3  | Found a transporter.
 50967 | Swamp:3  | Got an iridescent hand axe
 51074 | Swamp:3  | Identified the cursed +2 hand axe "Boawyrch" {antimagic,
                  | Fragile Str+5 Dex+8} (You found it on level 3 of the Swamp)
 51623 | Swamp:3  | Gained mutation: You do not regenerate when monsters are
                  | visible. [mutagenic glow]
 51675 | Swamp:3  | Gained mutation: You have a somewhat thin skeletal
                  | structure. (Dex +2, Stealth) [mutagenic glow]
 52140 | Swamp:3  | Escaped the Abyss
 52179 | Swamp:3  | Got an ancient glass ring
 52182 | Swamp:3  | Got an ancient cloak
 52195 | Swamp:3  | Identified the cursed +0 cloak of the Scribe {MP+9 Dex+2}
                  | (You found it on level 3 of the Swamp)
 52208 | Swamp:3  | Identified the ring "Qiugy" {rF+ MP+9 Str-4 Dex+3} (You
                  | found it on level 3 of the Swamp)
 52314 | Swamp:4  | Entered Level 4 of the Swamp
 52562 | Swamp:3  | Reached skill level 15 in Fighting
 52979 | Swamp:4  | Noticed Aizul
 52996 | Swamp:4  | Killed Aizul
 53097 | Swamp:4  | Got a decaying rune of Zot
 53324 | Swamp:4  | Found the amulet of the Air {Inacc +Fly rElec EV+5 RMsl}
 54505 | Vaults:5 | Reached XP level 22. HP: 119/192 MP: 34/34
 54518 | Vaults:4 | HP: 6/192 [storm dragon (9)]
 54839 | Vaults:4 | Escaped the Abyss
 55799 | Vaults:5 | Escaped the Abyss
 55862 | Vaults:5 | Noticed an ancient lich
 55875 | Vaults:5 | Killed from afar by an ancient lich

Illustrated notes

Levels and vault maps discovered:
D:1:      wander_arrival_peaceful_grave, layout_loops_ring, cheibriados_altar_1
D:2:      layout_basic, tgw_trog, kennysheep_generic_room_6
D:3:      layout_rooms, minmay_fountain_box,
          nicolae_gozag_cash_rules_everything_around_me
D:4:      minmay_goblin_kobold_castle, layout_basic,
          nicolae_overflow_crystal_walls, serial_shops, shop, uniq_eustachio,
          uniq_grinder, uniq_edmund
D:5:      layout_basic, kennysheep_mini, uniq_blork_the_orc
D:6:      gammafunk_cloud_chamber, layout_rooms, lemuel_round_altar,
          marbit_many_paths, minmay_temple_entry_glass, serial_corexii_hall,
          chequers_hall_statues_wall_a, corexii_hall_statues_deadend,
          gammafunk_ghost_gnarly_gnolls
D:7:      layout_basic, serial_shops, nicolae_shop_crystal, solitary_fountain,
          minmay_bent, uniq_menkaure
D:8:      layout_cave_pools
D:9:      argonaut_augean_stables, layout_basic,
          gammafunk_temple_overflow_pools, david_lair_generic
D:10:     layout_layer_cave, uniq_erica
D:11:     layout_stronghold, serial_shops, shop, portal_ice_cave_entry_pillars_2
D:12:     layout_long_grid, orc_0_dummy, basic_altar, uniq_azrael, uniq_urug
D:13:     layout_rooms, uniq_maurice
D:14:     layout_loops_cross, skrybe_vaults_entry_preservation,
          hangedman_abyss_or_decor_lesser_grid, yredelemnul_altar_generic
D:15:     grunt_enter_depths_magical_seal, layout_long_grid,
          lemuel_altar_in_water, minmay_misc_feat_four_crosses,
          evilmike_minifort
Lair:1:   layout_long_grid, uniq_harold
Lair:2:   layout_regular_city, gauntlet_entry_generic, minmay_lair_oklob_chamber
Lair:3:   layout_loops_ring, chequers_serial_rivers_room_a, uniq_snorg
Lair:4:   layout_gridlike, swamp_mist_pool, spider_nest_entry_funnel_web,
          minmay_holes
Lair:5:   layout_concentric_octagons, dpeg_slime_entry_enclosed_altar,
          serial_forest, infiniplex_forest_clump_diagonal,
          infiniplex_forest_clump_large, infiniplex_forest_side_room,
          infiniplex_forest_fountain, infiniplex_forest_straight_3,
          infiniplex_forest_end_double, infiniplex_forest_split,
          lemuel_fruit_fields, serial_bayou_shore_b
Lair:6:   minmay_lair_end_frog_pond, layout_gridlike
Swamp:1:  layout_falls_marsh, serial_swamp_ruin, evilmike_swamp_ruin_house_1,
          evilmike_swamp_ruin_house_2, swamp_pool1, infiniplex_staircase_pool_2
Swamp:2:  layout_basic_swamp, evilmike_swamp_ruin_house_3, swamp_pool5
Swamp:3:  gammafunk_worm_tunnel, layout_basic_swamp, nicolae_swamp_stair_fork,
          swamp_pool2
Swamp:4:  swamp_alternative, layout_basic_swamp, uniq_aizul
Spider:1: layout_spider_delve, zaba_antful_of_joy
Spider:2: layout_spider_delve, drop_trap
Spider:3: layout_spider_delve, hangedman_spider_tarantella_strand
Spider:4: johnstein_spider_rune_arachne_lair
Orc:1:    layout_caves, mines1_david
Orc:2:    st_orc_elflike, layout_caves
Elf:1:    eino_elf_arrival_customs, layout_geoelf_octagon, serial_shops, shop,
          minmay_elf_demonology, serial_sigils_hangedman_quiver,
          lemuel_flamethrower_hall
Elf:2:    layout_geoelf_diagonals, serial_shops, nicolae_shop_crystal,
          ebering_ghost_reflecting_pool
Elf:3:    minmay_elf_hall_statues, layout_onion_city, serial_shops,
          nicolae_shop_waterfront
Vaults:1: vaults_standard_mumra_x, v_misc_16, vaults_room_octagon,
          grunt_vaults_twisty, nicolae_vaults_three_branches, v_misc_5,
          nicolae_vaults_little_squares_4, ontoclasm_vaults_hangar,
          ontoclasm_vaults_shout, ontoclasm_vaults_chip,
          vaults_room_stairs_pillars, ontoclasm_vaults_claustrophobia,
          layout_vaults_ring, serial_shops, shop
Vaults:2: v_alt_pattern_6, vaults_dpeg_spiral, vaults_mumra_hexcomb, v_misc_24,
          nicolae_vaults_diagonal_hallway_6, v_misc_27,
          hangedman_vaults_restitches, vaults_dpeg_ring, layout_vaults_big_room,
          basic_altar, uniq_xtahua
Vaults:3: minmay_crypt_entry_vampire_xt, nicolae_vaults_specimen_jars,
          v_misc_22, nicolae_vaults_little_squares_1,
          nicolae_vaults_circle_grid_a, v_misc_1, serial_ice_m, v_rooms_5,
          layout_vaults_omnigrid
Vaults:4: vaults_room_fours, v_misc_29, nicolae_vaults_windows_and_doors_thing,
          vaults_room_stairs_pillars, ontoclasm_vaults_ring_small,
          ontoclasm_vaults_decontamination, vaults_dpeg_encased_lava,
          hangedman_vaults_restitches, vaults_room_glass_cross,
          ontoclasm_vaults_misaligned, vaults_room_semicircle,
          nicolae_vaults_rhombus_7, vaults_room_semicircle,
          layout_vaults_omnicross, uniq_sojobo
Vaults:5: serial_shops

Skill      XL: |  1  2  3  4  5  6  7  8  9 10 11 12 13 14 15 16 17 18 19 20 21 |
---------------+----------------------------------------------------------------+-----
Axes           | 2 3 4 5 7 8 9 11 13 15 16 17 18 19 | 19.6
Dodging        | 1 2 3 4 5 6 7 8 |  8.7
Armour         | 2 3 4 5 6 7 8 9 10 11 12 13 | 13.5
Invocations    | 3 4 5 6 7 8 9 10 11 12 13 14 15 16 17 | 17.5
Fighting       | 4 5 6 7 8 10 11 12 13 14 15 | 15.4
Shields        | 4 6 8 10 11 12 13 14 15 16 | 16.2
Throwing       | |  0.3
Evocations     | |  0.8

Action                   |  1- 3 |  4- 6 |  7- 9 | 10-12 | 13-15 | 16-18 | 19-21 | 22-24 || total
-------------------------+-------+-------+-------+-------+-------+-------+-------+-------++-------
Melee: Hand axe          |    75 |   184 |   379 |       |       |       |       |       ||   638
       Kick              |    16 |    46 |   132 |   225 |   579 |   612 |   850 |    92 ||  2552
       War axe           |       |       |    98 |   591 |   546 |    47 |    48 |    23 ||  1353
       Broad axe         |       |       |       |     8 |   700 |  1326 |  1525 |   129 ||  3688
       Headbutt          |       |       |       |       |       |   226 |   537 |    60 ||   823
Throw: Boomerang         |       |       |     4 |       |       |       |       |       ||     4
       Javelin           |       |       |     3 |       |       |       |       |       ||     3
Invok: Depart the Abyss  |     1 |       |       |       |       |     2 |     1 |     2 ||     6
       Banish            |       |       |     2 |     4 |       |     2 |       |     1 ||     9
       Bend Space        |       |       |       |     1 |     1 |     1 |     2 |     1 ||     6
       Corrupt           |       |       |       |     1 |       |     1 |     1 |       ||     3
       Enter the Abyss   |       |       |       |       |       |     2 |     1 |     2 ||     5
Evoke: Wand              |     5 |     6 |       |       |       |     1 |       |       ||    12
       Phantom mirror    |       |       |       |       |     6 |       |       |       ||     6
  Use: Scroll            |     3 |     5 |    12 |    22 |    11 |    19 |    11 |     5 ||    88
       Potion            |       |     1 |     4 |     6 |     4 |     7 |     5 |     7 ||    34
 Stab: Invisible         |       |       |     1 |       |       |       |       |       ||     1
       Petrified         |       |       |       |     3 |     5 |       |       |       ||     8
       Petrifying        |       |       |       |       |     1 |       |       |       ||     1
       Distracted        |       |       |       |       |       |       |     1 |       ||     1
       Confused          |       |       |       |       |       |       |     3 |       ||     3
Armor: Plate armour      |    73 |   150 |   406 |       |       |       |       |       ||   629
       Scale mail        |       |       |    61 |   350 |   735 |   996 |   944 |   130 ||  3216
Dodge: Dodged            |    21 |    50 |    98 |   136 |   342 |   425 |   581 |    92 ||  1745
Block: Kite shield       |       |       |   109 |   403 |   395 |       |       |       ||   907
       Buckler           |       |       |       |       |   275 |   617 |   746 |   103 ||  1741

Table legend:
 A = Non-vault XP
 B = Vault XP
 C = Vault XP percentage of total XP
 D = Non-vault monster count
 E = Vault monster count
 F = Vault count percentage of total count
                 A         B        C        D         E       F
            +---------+---------+-------+---------+---------+-------
      Total |  411592 |  332458 |  44.7 |    1163 |     610 |  34.4
            +---------+---------+-------+---------+---------+-------
        D:1 |      22 |       0 |   0.0 |      14 |       0 |   0.0
        D:2 |     163 |      21 |  11.4 |      31 |       8 |  20.5
        D:3 |     136 |       0 |   0.0 |      25 |       0 |   0.0
        D:4 |     488 |     776 |  61.4 |      22 |      54 |  71.1
        D:5 |     648 |     521 |  44.6 |      26 |       3 |  10.3
        D:6 |     836 |     823 |  49.6 |      31 |      12 |  27.9
        D:7 |     804 |     232 |  22.4 |      25 |       5 |  16.7
        D:8 |     733 |       0 |   0.0 |      17 |       0 |   0.0
        D:9 |     787 |    3588 |  82.0 |      11 |      17 |  60.7
       D:10 |    1505 |     918 |  37.9 |      15 |       1 |   6.2
       D:11 |    6356 |       0 |   0.0 |      38 |       0 |   0.0
       D:12 |    4474 |    2969 |  39.9 |      32 |       8 |  20.0
       D:13 |    6927 |     433 |   5.9 |      35 |       1 |   2.8
       D:14 |    6335 |    3357 |  34.6 |      32 |       9 |  22.0
       D:15 |   19594 |   13107 |  40.1 |      48 |      21 |  30.4
     Lair:1 |     482 |     992 |  67.3 |       2 |       1 |  33.3
     Lair:2 |    2114 |     595 |  22.0 |      13 |       1 |   7.1
     Lair:3 |    4444 |    1056 |  19.2 |      20 |       1 |   4.8
     Lair:4 |    1682 |     970 |  36.6 |       9 |       4 |  30.8
     Lair:5 |    1796 |       0 |   0.0 |       8 |       0 |   0.0
     Lair:6 |    7372 |   10909 |  59.7 |      22 |      41 |  65.1
    Swamp:1 |   17878 |       0 |   0.0 |      48 |       0 |   0.0
    Swamp:2 |   17148 |     394 |   2.2 |      34 |       3 |   8.1
    Swamp:3 |   19867 |    5084 |  20.4 |      43 |      12 |  21.8
    Swamp:4 |   13793 |   15781 |  53.4 |      21 |      22 |  51.2
   Spider:1 |   15615 |    6583 |  29.7 |      42 |      35 |  45.5
   Spider:2 |   19686 |       0 |   0.0 |      51 |       0 |   0.0
   Spider:3 |   15642 |    3773 |  19.4 |      35 |      10 |  22.2
   Spider:4 |    5939 |   38225 |  86.6 |      23 |      54 |  70.1
      Orc:1 |    6121 |       0 |   0.0 |      30 |       0 |   0.0
      Orc:2 |    6186 |    8390 |  57.6 |      28 |      25 |  47.2
      Elf:1 |   22381 |    7005 |  23.8 |      34 |      11 |  24.4
      Elf:2 |    8999 |   35449 |  79.8 |      15 |      34 |  69.4
      Elf:3 |    5644 |   28482 |  83.5 |       9 |      18 |  66.7
   Vaults:1 |   54906 |   24014 |  30.4 |      77 |      34 |  30.6
   Vaults:2 |   34027 |   16877 |  33.2 |      51 |      23 |  31.1
   Vaults:3 |   28079 |   17992 |  39.1 |      59 |      25 |  29.8
   Vaults:4 |   40551 |   59434 |  59.4 |      59 |      54 |  47.8
   Vaults:5 |    4423 |    7306 |  62.3 |       2 |       5 |  71.4
    Abyss:1 |    3554 |    2180 |  38.0 |      16 |       1 |   5.9
    Abyss:2 |    3455 |       0 |   0.0 |      10 |       0 |   0.0
      IceCv |       0 |   12257 | 100.0 |       0 |      49 | 100.0
   Gauntlet |       0 |    1965 | 100.0 |       0 |       8 | 100.0
            +---------+---------+-------+---------+---------+-------
